General information
- name: BNet
- type: Ladder team game (AT/RT)
- host: Battle.net
- saver: TheRattler
map: Mur'gulOasis
- players: 8
- length: 31:48
- speed: Fast
- version: 1.28 W3XP
- replay type: Public
» download(311 KB)
Players
team 1 (loser)

»
TackMath (
blue | 59 APM | 694 actions | 11:40)
3 Mountain King
2 Storm Bolt
1 Bash
» actions
| Assign group hotkey | 9 | |
| Basic commands | 32 | |
| Build / train | 41 | |
| Enter build submenu | 17 | |
| Enter hero's abilities submenu | 3 | |
| Right click | 349 | |
| Select / deselect | 171 | |
| Select group hotkey | 37 | |
| Use ability | 35 | |
694 total
» units
| Peasant | 10 | |
| Rifleman | 11 | |
| Mortar Team | 1 | |
22 total
» upgrades
| Gunpowder | 2 | |
| Armor | 2 | |
| Masonry | 2 | |
| Long Rifles | 1 | |
7 total
» buildings
| Altar of Kings | 1 | |
| Blacksmith | 1 | |
| Farm | 7 | |
| Barracks | 1 | |
| Scout Tower | 3 | |
| Lumber Mill | 1 | |
| Arcane Tower | 1 | |
| Guard Tower | 2 | |
| Arcane Vault | 1 | |
| Keep | 1 | |
| Workshop | 1 | |
20 total
» build order
00:06 Altar of Kings
00:13 Blacksmith
00:24 Farm
01:30 Barracks
01:49 Scout Tower
01:56 Farm
02:18 Lumber Mill
02:21 Arcane Tower
02:30 Farm
02:50 Farm
02:56 Scout Tower
03:20 Scout Tower
03:44 Guard Tower
03:59 Guard Tower
04:48 Arcane Vault
05:39 Keep
06:39 Farm
07:05 Farm
08:37 Workshop
09:50 Farm
» items
| Scroll of Regeneration | 1 | |
| Boots of Speed | 1 | |
| Potion of Healing | 2 | |
4 total
AhthrsMYI3itch. (
pink | 57 APM | 1012 actions | 17:49)
2 Blademaster
1 Wind Walk
1 Critical Strike
» actions
| Basic commands | 2 | |
| Build / train | 56 | |
| Enter build submenu | 17 | |
| Enter hero's abilities submenu | 2 | |
| Give item / drop item | 1 | |
| Right click | 782 | |
| Select / deselect | 108 | |
| Use ability | 44 | |
1012 total
» units
» upgrades
| Pillage | 1 | |
| Spiked Barricades | 2 | |
| Liquid Fire | 1 | |
4 total
» buildings
| War Mill | 1 | |
| Orc Burrow | 5 | |
| Altar of Storms | 1 | |
| Voodoo Lounge | 1 | |
| Watch Tower | 7 | |
| Stronghold | 1 | |
| Fortress | 2 | |
| Beastiary | 2 | |
20 total
» build order
00:08 War Mill
00:14 Orc Burrow
00:18 Orc Burrow
01:19 Altar of Storms
01:49 Voodoo Lounge
02:08 Watch Tower
02:57 Watch Tower
03:30 Watch Tower
04:03 Watch Tower
04:36 Stronghold
05:33 Watch Tower
05:37 Watch Tower
05:41 Watch Tower
07:23 Fortress
07:23 Fortress
07:30 Beastiary
07:41 Beastiary
12:50 Orc Burrow
12:56 Orc Burrow
14:21 Orc Burrow
» items
| Healing Salve | 2 | |
| Lesser Clarity Potion | 2 | |
| Scroll of Speed | 2 | |
| Potion of Lesser Invulnerability | 1 | |
| Potion of Healing | 1 | |
| Potion of Mana | 1 | |
9 total
BeanieBaby (
green | 55 APM | 1745 actions | 31:47)
6 Archmage
3 Summon Water Elemental
2 Brilliance Aura
1 Mass Teleport
3 Mountain King
1 Bash
1 Storm Bolt
1 Avatar
1 Blademaster
1 Wind Walk
» actions
| Assign group hotkey | 45 | |
| Basic commands | 39 | |
| Build / train | 77 | |
| Enter build submenu | 27 | |
| Enter hero's abilities submenu | 11 | |
| Give item / drop item | 4 | |
| Right click | 737 | |
| Select / deselect | 508 | |
| Select group hotkey | 208 | |
| Use ability | 89 | |
1745 total
» units
| Peasant | 13 | |
| Footman | 4 | |
| Gryphon Rider | 6 | |
| Rifleman | 5 | |
| Mortar Team | 11 | |
| Raider | 2 | |
41 total
» upgrades
| Lumber Harvesting | 1 | |
| Reinforced Defenses | 1 | |
| Ensnare | 1 | |
| Gunpowder | 1 | |
| Armor | 4 | |
| Fragmentation Shards | 1 | |
| Flare | 1 | |
| Melee Weapons | 3 | |
13 total
» buildings
| Altar of Kings | 1 | |
| Barracks | 1 | |
| Farm | 10 | |
| Scout Tower | 6 | |
| Keep | 1 | |
| Lumber Mill | 1 | |
| Arcane Vault | 1 | |
| Arcane Tower | 1 | |
| Castle | 2 | |
| Gryphon Aviary | 3 | |
| Guard Tower | 2 | |
| Town Hall | 1 | |
| Great Hall | 1 | |
| Workshop | 3 | |
34 total
» build order
00:49 Altar of Kings
00:51 Barracks
00:53 Farm
00:54 Farm
01:07 Farm
01:08 Farm
02:24 Scout Tower
03:18 Keep
03:42 Lumber Mill
03:44 Arcane Vault
04:43 Arcane Tower
05:53 Castle
06:28 Gryphon Aviary
06:28 Gryphon Aviary
06:29 Gryphon Aviary
09:21 Farm
09:24 Farm
09:27 Farm
14:38 Scout Tower
14:38 Scout Tower
14:38 Scout Tower
15:00 Farm
16:22 Guard Tower
16:24 Scout Tower
16:25 Scout Tower
16:59 Castle
17:03 Guard Tower
20:23 Farm
20:24 Farm
21:48 Town Hall
24:26 Great Hall
31:26 Workshop
31:26 Workshop
31:27 Workshop
» items
| Scroll of Regeneration | 2 | |
| Scroll of Town Portal | 3 | |
| Staff of Sanctuary | 1 | |
6 total
WayBetterThanU (
red | 57 APM | 989 actions | 17:26)
4 Archmage
2 Blizzard
2 Brilliance Aura
2 Blood Mage
1 Flame Strike
1 Siphon Mana
» actions
| Assign group hotkey | 21 | |
| Basic commands | 1 | |
| Build / train | 83 | |
| Enter build submenu | 19 | |
| Enter hero's abilities submenu | 6 | |
| Give item / drop item | 1 | |
| Right click | 399 | |
| Select / deselect | 293 | |
| Select group hotkey | 14 | |
| Use ability | 152 | |
989 total
» units
| Peasant | 16 | |
| Sorceress | 2 | |
| Rifleman | 4 | |
22 total
» upgrades
| Masonry | 1 | |
| Sorceress Training | 1 | |
2 total
» buildings
| Altar of Kings | 1 | |
| Arcane Vault | 3 | |
| Farm | 5 | |
| Keep | 1 | |
| Lumber Mill | 1 | |
| Scout Tower | 8 | |
| Arcane Tower | 1 | |
| Guard Tower | 4 | |
| Arcane Sanctum | 1 | |
| Castle | 1 | |
26 total
» build order
00:13 Altar of Kings
00:39 Arcane Vault
00:43 Farm
01:23 Farm
01:26 Arcane Vault
01:48 Farm
04:56 Keep
05:25 Lumber Mill
05:31 Scout Tower
05:33 Scout Tower
05:35 Scout Tower
05:37 Scout Tower
05:39 Scout Tower
05:54 Arcane Tower
05:59 Scout Tower
06:09 Guard Tower
06:18 Scout Tower
06:20 Scout Tower
06:49 Guard Tower
06:50 Guard Tower
07:16 Guard Tower
07:59 Arcane Sanctum
08:49 Castle
09:38 Farm
11:18 Farm
14:07 Arcane Vault
» items
| Scroll of Regeneration | 8 | |
| Mechanical Critter | 16 | |
| Lesser Clarity Potion | 4 | |
| Periapt of Vitality | 2 | |
| Circlet of Nobility | 3 | |
| Potion of Invisibility | 1 | |
| Staff of Teleportation | 2 | |
| Potion of Healing | 6 | |
| Scroll of Town Portal | 1 | |
43 total
team 2 (winner)
TSM (
teal | 87 APM | 2769 actions | 31:47)
5 Archmage
3 Summon Water Elemental
2 Brilliance Aura
3 Paladin
2 Holy Light
1 Divine Shield
2 Firelord
1 Summon Lava Spawn
1 Soul Burn
» actions
| Assign group hotkey | 18 | |
| Basic commands | 180 | |
| Build / train | 79 | |
| ESC pressed | 7 | |
| Enter build submenu | 34 | |
| Enter hero's abilities submenu | 12 | |
| Right click | 765 | |
| Select / deselect | 690 | |
| Select group hotkey | 108 | |
| Use ability | 876 | |
2769 total
» units
| Peasant | 8 | |
| Footman | 5 | |
| Makrura Snapper | 13 | |
| Giant Sea Turtle | 13 | |
| Mur'gul Snarecaster | 8 | |
| Makrura Deepseer | 3 | |
50 total
» upgrades
» buildings
| Altar of Kings | 1 | |
| Barracks | 1 | |
| Farm | 8 | |
| Blacksmith | 1 | |
| Scout Tower | 1 | |
| Arcane Tower | 1 | |
| Arcane Vault | 1 | |
| Keep | 1 | |
| Castle | 1 | |
| Town Hall | 1 | |
| Ziggurat | 16 | |
33 total
» build order
00:22 Altar of Kings
00:36 Barracks
00:53 Farm
01:09 Blacksmith
01:38 Farm
02:18 Scout Tower
02:50 Arcane Tower
02:56 Farm
03:05 Arcane Vault
03:59 Farm
04:14 Farm
05:23 Keep
07:27 Farm
07:44 Farm
10:36 Castle
15:17 Farm
16:04 Town Hall
24:47 Ziggurat
24:49 Ziggurat
24:50 Ziggurat
24:50 Ziggurat
24:50 Ziggurat
24:50 Ziggurat
24:51 Ziggurat
24:51 Ziggurat
24:51 Ziggurat
24:51 Ziggurat
24:52 Ziggurat
24:52 Ziggurat
24:52 Ziggurat
24:53 Ziggurat
25:24 Ziggurat
25:28 Ziggurat
» items
| Scroll of Regeneration | 1 | |
| Lesser Clarity Potion | 1 | |
2 total
frisson (
orange | 108 APM | 2604 actions | 24:12)
7 Crypt Lord
3 Carrion Beetles
3 Impale
1 Locust Swarm
» actions
| Assign group hotkey | 108 | |
| Basic commands | 220 | |
| Build / train | 66 | |
| Enter build submenu | 25 | |
| Enter hero's abilities submenu | 7 | |
| Give item / drop item | 1 | |
| Remove unit from queue | 4 | |
| Right click | 1260 | |
| Select / deselect | 634 | |
| Select group hotkey | 183 | |
| Use ability | 96 | |
2604 total
» units
| Acolyte | 12 | |
| Ghoul | 6 | |
| Necromancer | 9 | |
| Meatwagon | 2 | |
| Obsidian Statue | 2 | |
| Banshee | 2 | |
33 total
» upgrades
| Exhume Corpses | 1 | |
| Skeletal Mastery | 1 | |
| Necromancer Training | 2 | |
| Skeletal Longevity | 1 | |
| Banshee Training | 2 | |
| Unholy Strength | 1 | |
| Ghoul Frenzy | 1 | |
| Backpack | 1 | |
10 total
» buildings
| Crypt | 1 | |
| Altar of Darkness | 1 | |
| Ziggurat | 8 | |
| Graveyard | 3 | |
| Halls of the Dead | 1 | |
| Tomb of Relics | 2 | |
| Spirit Tower | 5 | |
| Black Citadel | 1 | |
| Temple of the Damned | 3 | |
| Sacrificial Pit | 2 | |
| Slaughterhouse | 1 | |
| Nerubian Tower | 1 | |
29 total
» build order
00:10 Crypt
00:15 Altar of Darkness
00:30 Ziggurat
01:15 Graveyard
01:17 Graveyard
02:21 Halls of the Dead
02:47 Ziggurat
03:13 Tomb of Relics
04:25 Spirit Tower
04:51 Black Citadel
05:06 Temple of the Damned
05:07 Temple of the Damned
05:11 Sacrificial Pit
05:24 Temple of the Damned
05:33 Ziggurat
05:50 Slaughterhouse
06:52 Ziggurat
10:05 Nerubian Tower
19:21 Ziggurat
19:24 Ziggurat
19:27 Ziggurat
19:28 Ziggurat
19:37 Graveyard
20:04 Tomb of Relics
21:17 Spirit Tower
21:18 Spirit Tower
21:20 Spirit Tower
21:46 Sacrificial Pit
23:46 Spirit Tower
» items
| Boots of Speed | 1 | |
| Circlet of Nobility | 1 | |
| Orb of Corruption | 1 | |
3 total
cumsock (
yellow | 53 APM | 1690 actions | 31:47)
5 Paladin
3 Holy Light
1 Divine Shield
1 Devotion Aura
» actions
| Assign group hotkey | 26 | |
| Basic commands | 143 | |
| Build / train | 57 | |
| Enter build submenu | 22 | |
| Enter hero's abilities submenu | 5 | |
| Right click | 690 | |
| Select / deselect | 203 | |
| Select group hotkey | 485 | |
| Use ability | 59 | |
1690 total
» units
| Peasant | 9 | |
| Footman | 3 | |
| Rifleman | 11 | |
| Mortar Team | 6 | |
29 total
» upgrades
| Long Rifles | 1 | |
| Gunpowder | 2 | |
| Flare | 1 | |
| Armor | 1 | |
| Masonry | 1 | |
| Fragmentation Shards | 1 | |
7 total
» buildings
| Altar of Kings | 1 | |
| Barracks | 2 | |
| Farm | 8 | |
| Lumber Mill | 1 | |
| Blacksmith | 1 | |
| Keep | 2 | |
| Arcane Vault | 2 | |
| Workshop | 1 | |
| Scout Tower | 3 | |
| Guard Tower | 1 | |
| Castle | 3 | |
| Arcane Tower | 1 | |
26 total
» build order
00:06 Altar of Kings
00:20 Barracks
00:33 Farm
00:49 Farm
01:26 Lumber Mill
02:12 Blacksmith
02:32 Farm
03:08 Keep
03:08 Keep
04:03 Arcane Vault
04:04 Arcane Vault
04:09 Farm
06:04 Workshop
06:11 Barracks
07:04 Farm
07:30 Farm
07:33 Scout Tower
08:34 Guard Tower
10:29 Farm
12:00 Castle
12:00 Castle
12:01 Castle
12:11 Farm
12:40 Scout Tower
16:20 Arcane Tower
16:21 Scout Tower
» items
| Scroll of Regeneration | 2 | |
| Lesser Clarity Potion | 2 | |
| Potion of Healing | 1 | |
5 total
TheRattler (
purple | 108 APM | 3437 actions | 31:48)
5 Archmage
3 Summon Water Elemental
2 Brilliance Aura
3 Mountain King
2 Storm Bolt
1 Bash
2 Goblin Alchemist
1 Chemical Rage
1 Acid Bomb
» actions
| Assign group hotkey | 73 | |
| Basic commands | 381 | |
| Build / train | 122 | |
| ESC pressed | 18 | |
| Enter build submenu | 28 | |
| Enter hero's abilities submenu | 10 | |
| Give item / drop item | 3 | |
| Right click | 925 | |
| Select / deselect | 433 | |
| Select group hotkey | 1087 | |
| Use ability | 357 | |
3437 total
» units
| Peasant | 21 | |
| Footman | 6 | |
| Rifleman | 9 | |
| Gryphon Rider | 10 | |
46 total
» upgrades
| Gunpowder | 2 | |
| Armor | 3 | |
| Long Rifles | 1 | |
| Masonry | 3 | |
| Swords | 3 | |
| Lumber Harvesting | 1 | |
| Animal War Training | 1 | |
| Storm Hammers | 1 | |
| Cloud | 1 | |
16 total
» buildings
| Altar of Kings | 1 | |
| Barracks | 1 | |
| Farm | 10 | |
| Arcane Vault | 2 | |
| Blacksmith | 1 | |
| Lumber Mill | 1 | |
| Keep | 3 | |
| Scout Tower | 8 | |
| Guard Tower | 9 | |
| Castle | 2 | |
| Gryphon Aviary | 2 | |
| Town Hall | 1 | |
41 total
» build order
00:51 Altar of Kings
00:54 Barracks
00:55 Farm
01:05 Farm
01:15 Farm
01:48 Arcane Vault
01:52 Arcane Vault
02:19 Blacksmith
02:45 Farm
03:39 Farm
03:55 Lumber Mill
04:54 Keep
04:54 Keep
04:54 Keep
05:10 Farm
07:07 Scout Tower
07:08 Scout Tower
07:50 Guard Tower
07:50 Guard Tower
07:58 Castle
07:58 Castle
08:02 Gryphon Aviary
08:07 Guard Tower
08:07 Guard Tower
08:34 Gryphon Aviary
09:50 Farm
10:30 Town Hall
10:31 Scout Tower
10:32 Scout Tower
10:32 Scout Tower
10:33 Scout Tower
12:12 Guard Tower
12:12 Guard Tower
13:50 Farm
14:40 Farm
17:14 Farm
18:41 Scout Tower
18:41 Scout Tower
19:16 Guard Tower
19:16 Guard Tower
21:50 Guard Tower
» items
| Scroll of Regeneration | 5 | |
| Mechanical Critter | 4 | |
| Lesser Clarity Potion | 1 | |
| Boots of Speed | 1 | |
| Staff of Teleportation | 3 | |
| Periapt of Vitality | 1 | |
| Staff of Sanctuary | 1 | |
| Orb of Fire | 1 | |
| Scroll of Town Portal | 2 | |
19 total
Chat log
(00:05 / Allies) TSM: rush
(00:08 / Allies) TheRattler: me cc
(00:47 / Allies) TSM: rush
(00:50 / Allies) TheRattler: no
(00:56 / Allies) TheRattler: cc
(01:01 / Allies) cumsock: rush
(01:04 / All) BeanieBaby: STRAIGHT UP NOW TELL ME ARE YOU REALLY GONNA LOVE ME FOREVER
(01:08 / Allies) TheRattler: I'm not rushing
(01:09 / Allies) TheRattler: I cc
(01:13 / Allies) cumsock: no
(01:13 / All) TackMath: sing me a song
(01:16 / Allies) TheRattler: yes
(01:19 / Allies) TheRattler: it's not all about you
(01:20 / Allies) TSM: w.e
(01:25 / All) BeanieBaby: OH OH OH ARE YOU JUST PLAYING GAMES
(01:27 / Allies) TSM: that logic
(01:30 / Allies) TSM: 2 people say rush
(01:32 / Allies) TSM: 1 person says cc
(01:34 / Allies) TSM: all about him clearly
(01:35 / All) WayBetterThanU: if u black no
(01:38 / Allies) TheRattler: yeah and there's other people in this game than the both of you
(01:39 / Allies) frisson: i like cc
(01:42 / Allies) cumsock: rush always wins
(01:45 / Allies) TheRattler: me and orange want to cc
(01:47 / Allies) TSM: ^
(01:51 / Allies) TheRattler: stop being selfish players
(01:56 / Allies) TheRattler: do you care that much abou rec
(01:57 / Allies) TSM: selfish I just want to win
(01:59 / Allies) TheRattler: in an ancient game
(02:00 / Allies) TheRattler: LMAO
(02:02 / Allies) TSM: re
(02:03 / Allies) TheRattler: it's fucking 2018
(02:04 / Allies) TSM: in 2018
(02:06 / Allies) TSM: dont make me lel
(02:07 / All) TackMath: I WANNA KNOW WHAT LOVE ISSSSS
(02:12 / Allies) TheRattler: the game is ancient you retard
(02:17 / Allies) TheRattler: and you playing for wins LOL
(02:19 / Allies) TSM: no shit
(02:27 / Allies) TSM: why else do you play
(02:28 / Allies) TSM: to lose
(02:29 / Allies) TSM: the f?
(02:32 / All) AhthrsMYI3itch.: i want you to blow me
(02:33 / Allies) TheRattler: too young to play wc3 when it mattered so now you want to rush rush rush?
(02:33 / Allies) TSM: you sound like a liberal
(02:35 / Allies) TheRattler: I play for fun
(02:35 / Allies) TSM: as long as you tried timmy
(02:38 / Allies) TheRattler: because I'm not low IQ
(02:41 / All) TackMath: that could work as the lyrics
(03:23 / Allies) TheRattler: go away
(04:22 / Allies) TSM: pink teching
(05:24 / All) cumsock: fight me u pussy
(05:49 / All) TackMath: Was it worth it?
(05:58 / All) cumsock: u are a coward
(06:06 / All) TackMath: i am a better player then you
(06:18 / All) TheRattler: good joke blue
(06:23 / All) TackMath: we'll see
(07:33 / Allies) frisson: nm
(07:47 / Allies) TSM: if we rushed we won
(07:55 / Allies) TheRattler: video games are about fun
(07:58 / Allies) frisson: we hit pink
(08:00 / Allies) frisson: in 1 min
(08:02 / Allies) TSM: here
(08:06 / Allies) frisson: no units
(08:08 / Allies) frisson: pink
(08:09 / Allies) TSM: no
(08:10 / Allies) TSM: toweres bro
(08:10 / Allies) TSM: wtf
(09:06 / Allies) frisson: cjmoning
(09:07 / Allies) TSM: gj oj
(09:38 / Allies) TSM: hit
(09:39 / Allies) TSM: oj
(11:00 / Allies) TSM: MK
(11:17 / All) cumsock: yeah whos the better player now blue
(11:23 / All) TackMath: red and pink have nothing
(11:28 / All) TackMath: so i still am better
(11:31 / All) cumsock: neither do u
(11:38 / All) TackMath: check score baby boy
(11:39 / All) cumsock: u have one mortar
(11:50 / All) BeanieBaby: wow
(11:58 / Allies) TSM: oj
(11:59 / Allies) TSM: share control
(12:00 / Allies) TSM: i buy units
(12:08 / Allies) TSM: pls
(12:21 / Allies) frisson: gold me
(12:28 / Allies) frisson: need 200
(12:29 / All) BeanieBaby: thanks for the help pink you're good!
(12:58 / Allies) TSM: purple
(13:01 / Allies) TSM: whats your problem dude
(13:07 / Allies) TheRattler: playing for fun
(13:08 / Allies) TheRattler: not wins
(13:17 / Allies) TSM: why you ruin other peopels game
(13:19 / Allies) TSM: can you stop please
(13:30 / Allies) TheRattler: you tried to ruin mine with your selfish behavour
(13:35 / All) AhthrsMYI3itch.: im, a strait up tyransgender fucker'
(13:37 / Allies) TSM: mate
(13:40 / Allies) TSM: we said rush you said cc
(13:44 / Allies) TSM: so we didnt rush
(13:45 / Allies) TSM: calm down
(14:42 / Allies) frisson: poink bats
(14:43 / Allies) frisson: get towers
(15:53 / Allies) TSM: honestly purple I'm going to pray for you
(15:55 / Allies) TSM: you need jesus in your life
(15:58 / Allies) TheRattler: LOL
(16:04 / All) TheRattler: Teal says he's going to pray for me
(16:59 / Allies) frisson: purp
(17:02 / Allies) frisson: ..........
(17:48 / Allies) TSM: purple can you stop and just end with us?
(17:56 / Allies) TheRattler: I'm ending it alright
(17:57 / All) BeanieBaby: well that simplifies things
(18:08 / Allies) TSM: sigh
(18:25 / Allies) TheRattler: learn to enjoy a game rather than play for wins
(18:32 / Allies) TSM: Brother
(18:59 / All) BeanieBaby: pink level 2 bm lol
(19:00 / Allies) TSM: I just asked to rush because we can end it fast. I never played this game in like 6+ years.
(19:02 / Allies) TheRattler: You can leave now
(19:17 / Allies) TSM: I find rushes fun, and you don't that's your opinion, but Idk how your brain figures that means you should kill your own team.
(19:30 / Allies) TSM: You said CC, and we clearly CC not rushed, but you still throw a tantrum like a 5 year old.
(19:36 / All) TheRattler: Teal thinks WC3 is winning or losing, so rush every game
(19:37 / Allies) TSM: I'm going to pray for you tonight.
(19:38 / All) TheRattler: not about fun
(19:45 / All) TheRattler: and keeps saying he's praying for me
(19:46 / All) TheRattler: LOL
(21:04 / All) BeanieBaby: Can't believe how retarded pink was, and fucking red had nothing and he straight teched wtf
(21:12 / All) TheRattler: your team was awful
(21:20 / All) TheRattler: got totally raped by 2 players lol
(21:33 / All) BeanieBaby: I should have plopped down towers, but faggot blue wanted to "hit yellow" with me then he went to creep lol
(21:37 / All) TheRattler: and my team raped by 1 tker
(21:41 / All) BeanieBaby: took forever for him tp and I was spamming ping
(21:42 / All) TheRattler: not putting up any fight at all
(21:56 / All) BeanieBaby: As soon as teal was in my base I spammed ping
(23:30 / All) BeanieBaby: pink no upgrades whatsoever
(24:05 / All) frisson: gg purp
(24:08 / All) BeanieBaby: pink 1 and 2 should be 1-3
(24:11 / All) BeanieBaby: lol fucking trash
(24:22 / All) TheRattler: sweet he left
(24:24 / All) TheRattler: easy unsummon
(24:45 / All) BeanieBaby: pink could have saved my base if he sent his lowbie bm and bats
(24:55 / All) BeanieBaby: the difference was inches
(25:02 / All) BeanieBaby: they got as tun on my hero before I could save it
(25:12 / All) BeanieBaby: and I had to waste +500 health and invul pot
(25:15 / All) BeanieBaby: and tp
(25:29 / All) BeanieBaby: if he helped just a little it wouldn't have been so bad
(25:34 / Allies) TheRattler: great acoylte micro
(25:39 / Allies) TheRattler: really delaying your loss
(26:02 / Allies) TSM: You talk so much kid come I'll host, and we can play 1v1.
(26:14 / Allies) TheRattler: just did
(26:17 / Allies) TheRattler: raped you and your allies
(26:19 / Allies) TheRattler: with no fight
(26:20 / Allies) TSM: No you didn't.
(26:28 / Allies) TheRattler: no re
(26:30 / Allies) TSM: Come play a real game
(26:31 / Allies) TheRattler: yeah I did
(26:33 / Allies) TSM: 1v1.
(26:35 / Allies) TheRattler: I raped you in a real game just now
(26:40 / All) TheRattler: Teal is butthurt and wants to 1v1 now
(26:43 / Allies) TSM: Purple I'm going to pray for you.
(26:44 / All) TheRattler: but I just raped him
(26:47 / Allies) TSM: You need Jesus in your life.
(26:48 / All) TheRattler: he can't do anything LOL
(26:51 / All) TheRattler: even with 2 allies
(26:55 / All) TheRattler: are you trolling
(26:58 / All) BeanieBaby: my am was level 6 when it died
(27:01 / All) BeanieBaby: god I hate pink
(27:41 / All) TSM: I'm waiting until we see defeat to leave. I know If I leave purple will turn, and start playing serious.
(27:48 / All) TheRattler: No I won't
(27:50 / All) TSM: It was a good game, but purple has downs.
(27:51 / All) TheRattler: giving my friend the win
(27:59 / All) TheRattler: he needs his clan icon
(28:23 / All) TSM: First day back in 6+ years, and already experienced 3 of these type of people.
(28:29 / All) TSM: I guess the freaks really do come out at night.
(28:36 / All) BeanieBaby: I don't think any of my team had level 4 hero
(28:38 / All) BeanieBaby: before they left
(28:40 / All) TheRattler: ever think you did something to deserve it pal?
(28:43 / All) TheRattler: I never get tked personally
(28:48 / All) TheRattler: maybe it's an issue with you, not everyone else
(28:57 / All) TSM: What did I do please explain what I did purple so green can see how retarded you sound.
(29:08 / All) TheRattler: what didn't you do, look how arrogant you are
(29:11 / All) TSM: We asked to rush, and you said cc then we didn't rush, and cc, but you still are butt hurt.
(29:16 / All) TheRattler: Don't deflect the blame son
(29:18 / All) TheRattler: accept your mistakes
(29:23 / All) TSM: I'm arrogant? coming from the person who ruins 4 peoples games for his own selfish reasons.
(29:26 / All) TSM: You should get a dictionary.
(29:31 / All) BeanieBaby: leave
(29:33 / All) BeanieBaby: I won fair and square
(29:35 / All) TheRattler: I didn't ruin it for anyone
(29:37 / All) TheRattler: I had fun this game
(29:40 / All) TSM: I'll leave after it says defeat.
(29:44 / All) TheRattler: no reason you and the rest of everyone shouldn't have
(29:49 / All) BeanieBaby: You're wasting my time, griefer
(29:54 / Allies) TSM: /squelch TheRattler
(29:55 / All) TheRattler: Teal is selfish
(29:57 / All) TheRattler: it's all about him
(30:02 / All) TheRattler: he's squelching me now, uh oh
(30:10 / All) TheRattler: won't see what I say to give me his witty replies
(30:21 / All) BeanieBaby: Why are you wasting my tiem teal? you get off on that?
(30:25 / All) BeanieBaby: I earned this win, just leave
(30:36 / All) TSM: You're about to win my friend 1 more building.
(30:38 / All) TheRattler: he's a griefer